 Dungeon Crawl Stone Soup version 0.32-a0-411-g744942f433 (webtiles) character file.

Game seed: 9556778138390347430

9 ytrimaz the Chopper (level 2, -1/22 HPs)
             Began as a Coglin Gladiator on Feb 21, 2024.
             Slain by a kobold
             ... wielding a +2 dagger of distortion
              (19 damage)
             ... on level 1 of the Dungeon.
             The game lasted 00:00:51 (166 turns).

ytrimaz the Chopper (Coglin Gladiator)               Turns: 166, Time: 00:00:52

Health: -1/22      AC:  4    Str: 14    XL:     2   Next: 16%
Magic:  2/2        EV: 12    Int:  7    God:
Gold:   6          SH:  0    Dex: 15    Spells: 1/1 levels left

rFire   . . .        a - +0 war axe {Ning}
rCold   . . .        g - +1 hand axe (heavy) {Armando}
rNeg    . . .        b - +0 leather armour
rPois   .            c - +0 helmet
rElec   .            (no cloak)
rCorr   .            (no gloves)
SInv    .            (no boots)
Will    .....        (no amulet)
Stlth   +            (no ring)
HPRegen 0.23/turn    (no ring)
MPRegen 0.08/turn

%: no passive effects
@: immotile, revving
A: off-hand wielding, slow wielding, warmup strikes, legs shutdown
a: no special abilities


You were on level 1 of the Dungeon.
You visited 1 branch of the dungeon, and saw 1 of its levels.

You collected 6 gold pieces.


Innate Abilities, Weirdness & Mutations

You can wield a second weapon in your off-hand.
It takes a long time for you to wield or remove held weapons.
Your first few attacks do less damage.
Attacking and casting redirects power from your legs.


   Skills:
 - Level 2.0 Fighting
 + Level 3.3 Axes
 - Level 1.7 Throwing
 + Level 1.0 Armour
 - Level 2.6 Dodging


You had one spell level left.
You didn't know any spells.
Your spell library was empty.

Inventory:

Hand Weapons
 a - a +0 war axe (weapon) {Ning}
 g - a +1 heavy hand axe (offhand) {Armando}
   (You found it on level 1 of the Dungeon)
Missiles
 d - 4 throwing nets (quivered)
 e - a javelin
Armour
 b - a +0 leather armour (worn)
 c - a +0 helmet (worn)
Scrolls
 f - 2 scrolls of identify {unknown}
 h - a scroll of enchant armour {unknown}

Dungeon Overview and Level Annotations

Branches:
Dungeon (1/15) Zot: 5830

Altars:

######### ........#
........#
.......K######
..r...B@.....##
....?..........
.............##
.............#
#######......#
########........#
#####........#......#
###.....########......#
....####### #.....[#


You could see a giant cockroach, a kobold and a rat.


Message History

You hit the giant cockroach.
You kill the giant cockroach!
You hit the endoplasm.
The endoplasm hits you but does no damage.
You are too injured to fight recklessly!
You cannot move.
You are too injured to fight recklessly!
Unknown command.
You are too injured to fight recklessly!
You slash the endoplasm!
You kill the endoplasm!
You cannot move.
You cannot move.
You cannot move.
You cannot move.
You cannot move.
Unknown command.
You cannot move.
You start resting.
You are no longer unable to travel.
Unknown command. 😕 HP[+1]
You now have 6 gold pieces.
f - 2 scrolls labelled QUZAX COGU (gained 1)
Things that are here:
a +0 dagger; 4 stones
Found a stone staircase leading down. 😎 HP[+3]
Your hp is fully restored (16).
You see here a +1 heavy hand axe.
A ball python comes into view.
There are no items here.
You see here a +1 heavy hand axe.
g - a +1 heavy hand axe You start attuning to your weapon.
You continue attuning to your +1 heavy hand axe. x4
You finish attuning to your +1 heavy hand axe.
You welcome your +1 heavy hand axe "Armando" into your grasp.
A ball python is nearby!
A ball python is nearby!
Unknown command.
The ball python misses you. The ball python barely misses you.
You hit the ball python with your +0 war axe.
You hit the ball python with your +1 heavy hand axe.
You kill the ball python!
You have reached level 2! 😎 HP[+6] MP[+1]
You now have 22 max hp (+6).
Your hp is fully restored (22).
Your mp is fully restored (2).
You cannot move.
No target in view!
You cannot move.
You cannot move.
You cannot move.
You cannot move.
You cannot move.
Unknown command.
You start resting.
You are no longer unable to travel.
Unknown command.
No target in view!
No target in view!
Unknown command.
Unknown command.
There is a stone staircase leading down here.
h - a scroll labelled YRGHEL YSCHUA
d - 4 throwing nets (gained 1)
There is a stone staircase leading down here.
A bat comes into view.
A bat is nearby!
A bat is nearby!
The bat barely misses you.
A bat is nearby!
You slash the bat with your +1 heavy hand axe!
You kill the bat!
Your Armour skill increases to level 1!
You cannot move.
No target in view!
Unknown command.
You cannot move.
No target in view!
You are no longer unable to travel.
A kobold comes into view.
It is wielding a +2 dagger of distortion.
The kobold shouts!
A giant cockroach comes into view.
There are monsters nearby!
There are monsters nearby!
The kobold throws a stone.
The stone barely misses you.
The kobold throws a stone.
The stone barely misses you.
The kobold throws a stone.
The stone closely misses you.
A rat comes into view.
Unknown command.
The rat squeaks loudly.
You hit the kobold but do no damage.
You closely miss the kobold with your +0 war axe.
The kobold hits you with a +2 dagger of distortion.
The kobold hits you but does no damage. Space warps horribly around you!!
Ouch! That really hurt!
You die...

Skill      XL: |  1  2 |
---------------+-------+-----
Armour         | 1 |  1.0
Fighting       | |  2.0
Axes           | |  3.3
Throwing       | |  1.7
Dodging        | |  2.6

Action                     || total
---------------------------++-------
  Melee: War axe           ||     7
         Hand axe          ||     3
 Armour: Leather armour    ||     4
  Dodge: Dodged            ||    11

Levels and vault maps discovered:
D:1:      nicolae_arrival_memento_mori, layout_basic

Notes
Turn   | Place    | Note
-------+----------+-------------------------------------------
     0 | D:1      | ytrimaz the Coglin Gladiator began the quest for the Orb.
     0 | D:1      | Reached XP level 1. HP: 16/16 MP: 1/1
     0 | D:1      | magus.rc [v1.9.6]
   104 | D:1      | Reached XP level 2. HP: 22/22 MP: 2/2
   129 | D:1      | Reached skill level 1 in Armour
   166 | D:1      | Slain by a kobold

Vanquished Creatures
  A ball python (D:1)
  An endoplasm (D:1)
  A giant cockroach (D:1)
  A kobold (D:1)
  A bat (D:1)
5 creatures vanquished.

Table legend:
 A = Non-vault XP
 B = Vault XP
 C = Vault XP percentage of total XP
 D = Non-vault monster count
 E = Vault monster count
 F = Vault count percentage of total count
                 A         B        C        D         E       F
            +---------+---------+-------+---------+---------+-------
      Total |      14 |       0 |   0.0 |       5 |       0 |   0.0
            +---------+---------+-------+---------+---------+-------
        D:1 |      14 |       0 |   0.0 |       5 |       0 |   0.0
            +---------+---------+-------+---------+---------+-------

Skill      XL: |  1  2 |
---------------+-------+-----
Armour         | 1 |  1.0
Fighting       | |  2.0
Axes           | |  3.3
Throwing       | |  1.7
Dodging        | |  2.6

Action                     || total
---------------------------++-------
  Melee: War axe           ||     7
         Hand axe          ||     3
 Armour: Leather armour    ||     4
  Dodge: Dodged            ||    11

Illustrated notes

Table legend:
 A = Kills in this place as a percentage of kills in the entire game.
 B = Kills by you in this place as a percentage of kills by you in the entire game.
 C = Kills by friends in this place as a percentage of kills by friends in the entire game.
 D = Other kills in this place as a percentage of other kills in the entire game.
 E = Experience gained in this place as a percentage of experience gained in the entire game.
 F = Experience gained in this place divided by the number of levels of this place that you have seen.
                   A       B       C       D       E      F
               +-------+-------+-------+-------+-------+----------------------
         Total | 100.0 | 100.0 |   N/A |   N/A | 100.0 |  14.0
       Dungeon | 100.0 | 100.0 |   N/A |   N/A | 100.0 |  14.0
               +-------+-------+-------+-------+-------+----------------------

Table legend: (Time is in decaauts)
 A = Elapsed time spent in this place.
 B = Non-inter-level travel time spent in this place.
 C = Inter-level travel time spent in this place.
 D = Time resting spent in this place.
 E = Time spent auto-exploring this place.
 F = Levels seen in this place.
 G = Mean time per level.
                   A        B        C        D        E       F      G
               +--------+--------+--------+--------+--------+-----+--------+
         Total |    168 |    163 |      5 |      0 |    115 |   1 |  168.0 |
       Dungeon |    168 |    163 |      5 |      0 |    115 |   1 |  168.0 |
               +--------+--------+--------+--------+--------+-----+--------+

Top non-repeatable levels by time:
     D:1: 168 daAuts
